Bulldogs vs Admirals NSH

Created - Tuesday, January 27, 2015 at 23:52

Goals
1 2 3 T
Bulldogs 0 0 2 2
Admirals NSH 0 0 0 0
Shots
1 2 3 T
Bulldogs 13 5 8 26
Admirals NSH 7 1 16 24

1st period

No Goal

Penalties :
Mike Blunden (MIL) for Tripping (Minor) at 2:09, Dalton Prout (Ham) for Hooking (Minor) at 12:55

2nd period

No Goal

Penalties :
Cody McCormick (Ham) for Hooking (Minor) at 6:23, Frederic St. Denis (MIL) for Holding (Minor) at 13:46, Mike Blunden (MIL) for Tripping (Minor) at 16:26

3rd period

1. Bulldogs , Dalton Prout 4 (Jordan Leopold) at 3:00 (PP)
2. Bulldogs , Patrick Dwyer 16 (Cody McCormick) at 18:11

Penalties :
Frazer McLaren (MIL) for Fighting (Major) at 0:54, Cody McCormick (Ham) for Fighting (Major) at 0:54, Brody Sutter (MIL) for Interference (Minor) at 1:52, Dalton Prout (Ham) for Boarding (Minor) at 7:26

Goalie Stats

Eric Hartzell (Ham), 24 saves from 24 shots - (1.000), W, 20-8-5, 60:00 minutes
Johan Gustafsson (MIL), 24 saves from 26 shots - (0.923), L, 15-38-4, 60:00 minutes

Players Stats for Bulldogs

Player Name              G  A  P  +/- PIM S  H  SB GA TA FO     MP     PP MP  PK MP  
------------------------------------------------------------------------------------
B.J. Crombeen            0  0  0   0  0   4  4  0  5  1  2/2    21:04   3:16   3:28 
Brandon Yip              0  0  0   0  0   0  0  1  0  0  1/1    22:09   3:00   2:45 
Chris Conner             0  0  0   1  0   0  1  0  1  0  0/0     4:13   0:47   0:33 
Cody McCormick           0  1  1   1  7   3  2  0  2  2  12/18  17:52   2:43   2:49 
Dalton Prout             1  0  1   1  4   2  2  5  1  2  0/0    22:10   2:59   1:16 
Jean-Francois Jacques    0  0  0   0  0   0  1  0  0  1  3/4    17:41   0:21   0:00 
Jordan Leopold           0  1  1   0  0   5  1  0  2  1  0/0    27:16   2:59   2:18 
Mark Olver               0  0  0   0  0   3  5  0  2  0  6/13   16:21   4:03   2:19 
Matt Hunwick             0  0  0   1  0   2  1  0  0  6  0/0    23:36   0:00   0:00 
Nathan Beaulieu          0  0  0   0  0   0  0  0  0  0  0/0     0:00   0:00   0:00 
Nathan Horton            0  0  0   0  0   1  2  0  1  0  1/5    11:25   0:00   0:00 
Patrick Dwyer            1  0  1   1  0   2  0  0  2  0  2/3    16:42   3:02   0:00 
Patrick Kaleta           0  0  0   0  0   1  1  0  0  0  0/0    12:26   0:47   0:00 
Reece Scarlett           0  0  0   0  0   1  0  1  1  0  0/0    22:08   4:06   5:14 
Ryan Carter              0  0  0   0  0   1  4  1  0  0  0/0    21:54   3:16   0:00 
Ryan Whitney             0  0  0   0  0   0  0  0  0  0  0/0     0:00   0:00   0:00 
Steven Kampfer           0  0  0   0  0   0  2  2  0  1  0/0    25:23   4:06   3:06 
Trevor Smith             0  0  0   0  0   1  1  0  3  1  3/3    11:39   0:00   0:00 

Players Stats for Admirals NSH

Player Name              G  A  P  +/- PIM S  H  SB GA TA FO     MP     PP MP  PK MP  
------------------------------------------------------------------------------------
Adam Cracknell           0  0  0   0  0   2  2  0  1  1  2/8    21:07   2:55   2:04 
Alexey Marchenko         0  0  0   0  0   0  1  0  1  1  0/0    22:55   2:47   3:28 
Brody Sutter             0  0  0  -1  2   0  1  1  0  0  6/14   21:19   1:53   2:26 
Cameron Schilling        0  0  0  -1  0   1  0  0  1  1  0/0    12:51   0:00   0:00 
Corey Tropp              0  0  0   0  0   0  2  0  0  0  0/0    13:59   0:46   0:00 
Frazer McLaren           0  0  0   0  5   0  1  0  8  0  0/0    16:40   3:41   0:28 
Frederic St. Denis       0  0  0   0  2   0  1  0  0  0  0/0     1:53   0:00   0:00 
Fredrik Claesson         0  0  0   0  0   3  0  2  0  3  0/0    25:38   3:10   3:37 
Jamie Tardif             0  0  0   0  0   5  0  0  3  1  2/9    23:30   1:54   4:08 
Jyrki Jokipakka          0  0  0   0  0   2  0  0  1  3  0/0    25:38   3:10   3:37 
Lane MacDermid           0  0  0  -1  0   0  0  0  0  0  0/0     1:16   0:00   0:00 
Marcel Noebels           0  0  0   0  0   2  1  0  3  0  0/0    15:20   0:22   0:00 
Matt Fraser              0  0  0  -1  0   5  1  1  4  0  1/1    20:05   2:16   2:29 
Mike Blunden             0  0  0   0  4   2  2  0  2  2  7/15   23:53   2:31   1:46 
Nikita Nesterov          0  0  0  -1  0   1  0  0  0  0  0/0    12:51   0:00   0:00 
Patrick Mullen           0  0  0   0  0   1  1  2  1  3  0/0    21:31   2:47   3:28 
Wade Megan               0  0  0   0  0   0  0  0  1  0  0/1     1:50   0:00   0:00 
Zach Hamill              0  0  0   0  0   0  1  0  0  0  1/1    10:34   1:33   0:49 

3 Stars

1 - Eric Hartzell (Ham)
2 - Patrick Dwyer (Ham)
3 - Dalton Prout (Ham)

Power Play

Bulldogs - 1 on 4 Attempt(s) - 25.00%
Admirals NSH - 0 on 3 Attempt(s) - 0.00%

Penalty Kill

Bulldogs - 3 on 3 Attempt(s) - 100.00% - Score 0 goal in Penalty Kill
Admirals NSH - 3 on 4 Attempt(s) - 75.00% - Score 0 goal in Penalty Kill

Team Stat

Bulldogs - Hits : 27 - Faceoff Wins : 30 - Blocked Shots : 10 - Penalty Minutes : 11
Admirals NSH - Hits : 14 - Faceoff Wins : 19 - Blocked Shots : 6 - Penalty Minutes : 13

Official

Referees : Unknown
Linesman : Unknown

Game Notes

Frazer McLaren and Cody McCormick fight to a draw at 0:54 of 3rd period

Finance

Level 1 -- Attendance: 1450 (72.50%) -- Ticket Income $50,750
Level 2 -- Attendance: 786 (78.60%) -- Ticket Income $11,790
Total Attendance: 2236 (74.53%)
Total Ticket Income: $62,540
Other Income: $30,645
Total Income: $93,185

Bulldogs

5 vs 5 Forward 
   Center                   Left Wing                Right Wing               Time % Phy DF OF 
 1 Cody McCormick           Patrick Dwyer            Brandon Yip              35     1   2  2  
 2 Mark Olver               Ryan Carter              B.J. Crombeen            30     1   2  2  
 3 Nathan Horton            Jean-Francois Jacques    Brandon Yip              22     1   2  2  
 4 Trevor Smith             Ryan Carter              Patrick Kaleta           13     1   2  2  

5 vs 5 Defense 
   Defense                  Defense                                           Time % Phy DF OF 
 1 Jordan Leopold           Dalton Prout                                      35     1   2  2  
 2 Steven Kampfer           Matt Hunwick                                      30     1   2  2  
 3 Reece Scarlett           Matt Hunwick                                      22     1   2  2  
 4 Steven Kampfer           Jordan Leopold                                    13     1   2  2  

PowerPlay Forward 
   Center                   Left Wing                Right Wing               Time % Phy DF OF 
 1 Cody McCormick           Patrick Dwyer            Brandon Yip              60     1   2  2  
 2 Mark Olver               Ryan Carter              B.J. Crombeen            40     1   2  2  

PowerPlay Defense
   Defense                  Defense                                           Time % Phy DF OF 
 1 Jordan Leopold           Dalton Prout                                      60     1   2  2  
 2 Steven Kampfer           Reece Scarlett                                    40     1   2  2  

Penalty Kill 4 Players Forward 
   Center                   Wing                     Time % Phy DF OF 
 1 Cody McCormick           Brandon Yip              60     1   2  2  
 2 Ryan Carter              B.J. Crombeen            40     1   2  2  

Penalty Kill 4 Players Defense
   Defense                  Defense                  Time % Phy DF OF 
 1 Reece Scarlett           Dalton Prout             60     1   2  2  
 2 Steven Kampfer           Jordan Leopold           40     1   2  2  

Penalty Kill - 3 Players Forward 
   Forward                                           Time % Phy DF OF 
 1 B.J. Crombeen                                     60     1   2  2  
 2 Cody McCormick                                    40     1   2  2  

Penalty Kill - 3 Players Defense
   Defense                  Defense                  Time % Phy DF OF 
 1 Reece Scarlett           Dalton Prout             60     1   2  2  
 2 Steven Kampfer           Jordan Leopold           40     1   2  2  

4 vs 4 Forward 
   Center                   Wing                     Time % Phy DF OF 
 1 Cody McCormick           Brandon Yip              60     1   2  2  
 2 Ryan Carter              B.J. Crombeen            40     1   2  2  

4 vs 4 Defense
   Defense                  Defense                  Time % Phy DF OF 
 1 Jordan Leopold           Matt Hunwick             60     1   2  2  
 2 Steven Kampfer           Reece Scarlett           40     1   2  2  

Last Minutes Offensive
   Center                   Left Wing                Right Wing               Defense                  Defense                  
   Cody McCormick           Patrick Dwyer            B.J. Crombeen            Jordan Leopold           Dalton Prout             

Last Minutes Defensive
   Center                   Left Wing                Right Wing               Defense                  Defense                  
   Cody McCormick           Patrick Dwyer            B.J. Crombeen            Jordan Leopold           Dalton Prout             

Goaltenders
Starting : Eric Hartzell            
Backup : Jeff Zatkoff             

Extra Forwards
Normal : Jean-Francois Jacques, Brandon Yip, Cody McCormick - PP : Jean-Francois Jacques, Brandon Yip - PK : B.J. Crombeen
Extra Defensemen
Normal : Reece Scarlett, Jordan Leopold, Steven Kampfer - PP : Reece Scarlett - PK : Jordan Leopold, Steven Kampfer
Penalty Shots
Brandon Yip, Jean-Francois Jacques, Ryan Carter, B.J. Crombeen, Cody McCormick

Admirals NSH

5 vs 5 Forward 
   Center                   Left Wing                Right Wing               Time % Phy DF OF 
 1 Jamie Tardif             Mike Blunden             Adam Cracknell           28     1   2  2  
 2 Brody Sutter             Frazer McLaren           Matt Fraser              28     1   2  2  
 3 Mike Blunden             Corey Tropp              Jamie Tardif             22     1   2  2  
 4 Mike Blunden             Marcel Noebels           Brody Sutter             22     1   2  2  

5 vs 5 Defense 
   Defense                  Defense                                           Time % Phy DF OF 
 1 Fredrik Claesson         Jyrki Jokipakka                                   30     1   2  2  
 2 Patrick Mullen           Alexey Marchenko                                  28     1   2  2  
 3 Nikita Nesterov          Cameron Schilling                                 21     1   2  2  
 4 Fredrik Claesson         Jyrki Jokipakka                                   21     1   2  2  

PowerPlay Forward 
   Center                   Left Wing                Right Wing               Time % Phy DF OF 
 1 Mike Blunden             Frazer McLaren           Adam Cracknell           60     1   2  2  
 2 Brody Sutter             Jamie Tardif             Matt Fraser              40     1   2  2  

PowerPlay Defense
   Defense                  Defense                                           Time % Phy DF OF 
 1 Fredrik Claesson         Jyrki Jokipakka                                   60     1   2  2  
 2 Patrick Mullen           Alexey Marchenko                                  40     1   2  2  

Penalty Kill 4 Players Forward 
   Center                   Wing                     Time % Phy DF OF 
 1 Mike Blunden             Jamie Tardif             60     1   2  2  
 2 Matt Fraser              Brody Sutter             40     1   2  2  

Penalty Kill 4 Players Defense
   Defense                  Defense                  Time % Phy DF OF 
 1 Fredrik Claesson         Jyrki Jokipakka          60     1   2  2  
 2 Patrick Mullen           Alexey Marchenko         40     1   2  2  

Penalty Kill - 3 Players Forward 
   Forward                                           Time % Phy DF OF 
 1 Brody Sutter                                      60     1   2  2  
 2 Mike Blunden                                      40     1   2  2  

Penalty Kill - 3 Players Defense
   Defense                  Defense                  Time % Phy DF OF 
 1 Fredrik Claesson         Jyrki Jokipakka          60     1   2  2  
 2 Patrick Mullen           Alexey Marchenko         40     1   2  2  

4 vs 4 Forward 
   Center                   Wing                     Time % Phy DF OF 
 1 Jamie Tardif             Mike Blunden             60     1   2  2  
 2 Adam Cracknell           Brody Sutter             40     1   2  2  

4 vs 4 Defense
   Defense                  Defense                  Time % Phy DF OF 
 1 Fredrik Claesson         Jyrki Jokipakka          60     1   2  2  
 2 Patrick Mullen           Alexey Marchenko         40     1   2  2  

Last Minutes Offensive
   Center                   Left Wing                Right Wing               Defense                  Defense                  
   Brody Sutter             Mike Blunden             Adam Cracknell           Fredrik Claesson         Jyrki Jokipakka          

Last Minutes Defensive
   Center                   Left Wing                Right Wing               Defense                  Defense                  
   Brody Sutter             Mike Blunden             Adam Cracknell           Fredrik Claesson         Jyrki Jokipakka          

Goaltenders
Starting : Johan Gustafsson         
Backup : Jeremy Smith             

Extra Forwards
Normal : Jamie Tardif, Brody Sutter, Mike Blunden - PP : Jamie Tardif, Brody Sutter - PK : Brody Sutter
Extra Defensemen
Normal : Nikita Nesterov, Cameron Schilling, Patrick Mullen - PP : Nikita Nesterov - PK : Cameron Schilling, Patrick Mullen
Penalty Shots
Matt Fraser, Jamie Tardif, Frazer McLaren, Brody Sutter, Mike Blunden

% Time on Ice - Bulldogs

Lines # - Real PCT - Wanted PCT - Time Play
Normal Forward
1 - 30% - 35% - 14:16
2 - 21% - 30% - 9:38
3 - 24% - 22% - 11:25
4 - 25% - 13% - 11:39
Normal Defense
1 - 38% - 35% - 17:57
2 - 28% - 30% - 12:59
3 - 23% - 22% - 11:02
4 - 11% - 13% - 5:00
PP Forward
1 - 43% - 60% - 3:02
2 - 57% - 40% - 4:03
PP Defense
1 - 42% - 60% - 2:59
2 - 58% - 40% - 4:06
PK Forward
1 - 100% - 60% - 5:57
2 - 0% - 40% - 0:00
PK Defense
1 - 88% - 60% - 5:14
2 - 12% - 40% - 0:43
PK3 Forward
1 - 0% - 60%
2 - 0% - 40%
PK3 Defense
1 - 0% - 60%
2 - 0% - 40%
44 Forward
1 - 0% - 60%
2 - 0% - 40%
44 Defense
1 - 0% - 60%
2 - 0% - 40%
Last Minute Offensive  - 0:00
Last Minute Defensive  - 0:00
Total
Forward - 60:00
Defense - 60:00

% Time on Ice - Admirals NSH

Lines # - Real PCT - Wanted PCT - Time Play
Normal Forward
1 - 20% - 28% - 9:37
2 - 27% - 28% - 12:53
3 - 23% - 22% - 10:49
4 - 29% - 22% - 13:39
Normal Defense
1 - 24% - 30% - 11:26
2 - 33% - 28% - 15:16
3 - 27% - 21% - 12:51
4 - 16% - 21% - 7:25
PP Forward
1 - 62% - 60% - 3:41
2 - 38% - 40% - 2:16
PP Defense
1 - 53% - 60% - 3:10
2 - 47% - 40% - 2:47
PK Forward
1 - 89% - 60% - 6:17
2 - 11% - 40% - 0:48
PK Defense
1 - 51% - 60% - 3:37
2 - 49% - 40% - 3:28
PK3 Forward
1 - 0% - 60%
2 - 0% - 40%
PK3 Defense
1 - 0% - 60%
2 - 0% - 40%
44 Forward
1 - 0% - 60%
2 - 0% - 40%
44 Defense
1 - 0% - 60%
2 - 0% - 40%
Last Minute Offensive  - 0:00
Last Minute Defensive  - 0:00
Total
Forward - 60:00
Defense - 60:00

Play by Play

1st period


0:01 of 1st period - Cody McCormick wins face-off versus Jamie Tardif in neutral zone.
0:10 of 1st period - Slapshot by Jordan Leopold.
0:10 of 1st period - Stopped by Johan Gustafsson with a rebound.
0:36 of 1st period - Icing by Jamie Tardif.
0:37 of 1st period - B.J. Crombeen wins face-off versus Jamie Tardif in Admirals NSH zone.
0:38 of 1st period - Snap shot by Mark Olver.
0:38 of 1st period - Shot Misses the Net.
0:40 of 1st period - Wrist shot by Matt Hunwick.
0:40 of 1st period - Stopped by Johan Gustafsson with a rebound.
0:42 of 1st period - Backhand shot by Mark Olver.
0:42 of 1st period - Stopped by Johan Gustafsson without a rebound.
0:43 of 1st period - Brody Sutter wins face-off versus Mark Olver in Admirals NSH zone.
1:04 of 1st period - Wrist shot by Matt Fraser.
1:04 of 1st period - Shot Blocked by Ryan Carter.
1:55 of 1st period - Mike Blunden is hit by Nathan Horton.
2:07 of 1st period - Slapshot by Jordan Leopold.
2:07 of 1st period - Shot Misses the Net.
2:09 of 1st period - Minor Penalty to Mike Blunden for Tripping.
2:10 of 1st period - Cody McCormick wins face-off versus Brody Sutter in Admirals NSH zone.
2:35 of 1st period - Slapshot by Cody McCormick.
2:35 of 1st period - Stopped by Johan Gustafsson with a rebound.
2:55 of 1st period - Fredrik Claesson is hit by Dalton Prout and loses puck.
3:04 of 1st period - Wrist shot by Mark Olver.
3:04 of 1st period - Shot Blocked by Fredrik Claesson.
3:06 of 1st period - Slapshot by Reece Scarlett.
3:06 of 1st period - Shot Blocked by Brody Sutter.
3:08 of 1st period - Backhand shot by Reece Scarlett.
3:08 of 1st period - Stopped by Johan Gustafsson with a rebound.
3:10 of 1st period - Wrist shot by B.J. Crombeen.
3:10 of 1st period - Stopped by Johan Gustafsson without a rebound.
3:11 of 1st period - Cody McCormick wins face-off versus Adam Cracknell in Admirals NSH zone.
4:09 of 1st period - Penalty to Mike Blunden is over, Mike Blunden is back on ice.
4:16 of 1st period - Slapshot by Patrick Dwyer.
4:16 of 1st period - Deflect By Cody McCormick.
4:16 of 1st period - Shot Blocked by Patrick Mullen.
4:16 of 1st period - Puck is out of play.
4:17 of 1st period - Mike Blunden wins face-off versus Cody McCormick in Admirals NSH zone.
5:41 of 1st period - Snap shot by Matt Fraser.
5:41 of 1st period - Stopped by Eric Hartzell with a rebound.
5:43 of 1st period - Snap shot by Jyrki Jokipakka.
5:43 of 1st period - Shot Misses the Net.
5:45 of 1st period - Snap shot by Adam Cracknell.
5:45 of 1st period - Stopped by Eric Hartzell without a rebound.
5:46 of 1st period - Mark Olver wins face-off versus Adam Cracknell in Bulldogs zone.
6:27 of 1st period - Wrist shot by Mike Blunden.
6:27 of 1st period - Shot Misses the Net.
7:13 of 1st period - Wrist shot by B.J. Crombeen.
7:13 of 1st period - Shot Misses the Net.
7:45 of 1st period - Patrick Mullen is hit by Ryan Carter and loses puck.
7:54 of 1st period - Wrist shot by B.J. Crombeen.
7:54 of 1st period - Stopped by Johan Gustafsson with a rebound.
7:56 of 1st period - Snap shot by Mark Olver.
7:56 of 1st period - Stopped by Johan Gustafsson with a rebound.
7:58 of 1st period - Snap shot by B.J. Crombeen.
7:58 of 1st period - Stopped by Johan Gustafsson without a rebound.
7:59 of 1st period - Brody Sutter wins face-off versus Mark Olver in Admirals NSH zone.
7:59 of 1st period - Brody Sutter is hit by Mark Olver.
8:12 of 1st period - Slapshot by Matt Fraser.
8:12 of 1st period - Shot Misses the Net.
8:34 of 1st period - Matt Hunwick is hit by Matt Fraser and loses puck.
8:57 of 1st period - Slapshot by Patrick Kaleta.
8:57 of 1st period - Shot Misses the Net.
8:59 of 1st period - Slapshot by Dalton Prout.
8:59 of 1st period - Shot Misses the Net.
9:01 of 1st period - Slapshot by Dalton Prout.
9:01 of 1st period - Shot Blocked by Matt Fraser.
9:11 of 1st period - Snap shot by Jordan Leopold.
9:11 of 1st period - Stopped by Johan Gustafsson without a rebound.
9:12 of 1st period - Zach Hamill wins face-off versus Mark Olver in Admirals NSH zone.
9:17 of 1st period - Slapshot by Fredrik Claesson.
9:17 of 1st period - Deflect By Jordan Leopold.
9:17 of 1st period - Stopped by Eric Hartzell with a rebound.
9:52 of 1st period - Slapshot by Fredrik Claesson.
9:52 of 1st period - Deflect By Matt Hunwick.
9:52 of 1st period - Stopped by Eric Hartzell with a rebound.
9:54 of 1st period - Slapshot by Jyrki Jokipakka.
9:54 of 1st period - Deflect By Matt Fraser.
9:54 of 1st period - Shot Misses the Net.
9:54 of 1st period - Puck is out of play.
9:55 of 1st period - Adam Cracknell wins face-off versus Nathan Horton in Bulldogs zone.
10:28 of 1st period - Slapshot by Jordan Leopold.
10:28 of 1st period - Stopped by Johan Gustafsson without a rebound.
10:29 of 1st period - Trevor Smith wins face-off versus Adam Cracknell in Admirals NSH zone.
10:48 of 1st period - Corey Tropp is hit by Steven Kampfer.
11:27 of 1st period - Mike Blunden is hit by Mark Olver and loses puck.
12:55 of 1st period - Minor Penalty to Dalton Prout for Hooking.
12:56 of 1st period - Matt Fraser wins face-off versus Cody McCormick in Bulldogs zone.
13:09 of 1st period - Wrist shot by Matt Fraser.
13:09 of 1st period - Deflect By Cody McCormick.
13:09 of 1st period - Shot Misses the Net.
13:09 of 1st period - Puck is out of play.
13:10 of 1st period - Cody McCormick wins face-off versus Mike Blunden in Bulldogs zone.
13:29 of 1st period - B.J. Crombeen is hit by Frazer McLaren and loses puck.
13:52 of 1st period - Fredrik Claesson is hit by Mark Olver and loses puck.
13:59 of 1st period - Patrick Mullen is hit by Mark Olver and loses puck.
14:50 of 1st period - Adam Cracknell is hit by Chris Conner and loses puck.
14:55 of 1st period - Penalty to Dalton Prout is over, Dalton Prout is back on ice.
17:14 of 1st period - Backhand shot by Frazer McLaren.
17:14 of 1st period - Deflect By Adam Cracknell.
17:14 of 1st period - Stopped by Eric Hartzell with a rebound.
17:16 of 1st period - Slapshot by Patrick Mullen.
17:16 of 1st period - Stopped by Eric Hartzell with a rebound.
17:18 of 1st period - Wrist shot by Zach Hamill.
17:18 of 1st period - Shot Misses the Net.
18:29 of 1st period - Snap shot by Trevor Smith.
18:29 of 1st period - Stopped by Johan Gustafsson with a rebound.
18:31 of 1st period - Snap shot by Jordan Leopold.
18:31 of 1st period - Deflect By Jyrki Jokipakka.
18:31 of 1st period - Stopped by Johan Gustafsson with a rebound.
18:33 of 1st period - Slapshot by Reece Scarlett.
18:33 of 1st period - Shot Misses the Net.
19:07 of 1st period - Wrist shot by Jyrki Jokipakka.
19:07 of 1st period - Stopped by Eric Hartzell without a rebound.
19:08 of 1st period - Adam Cracknell wins face-off versus Nathan Horton in Bulldogs zone.
19:15 of 1st period - Jyrki Jokipakka is hit by Nathan Horton.
Goals for this period are 0 for Bulldogs vs 0 for Admirals NSH.
Shots for this period are 13 for Bulldogs vs 7 for Admirals NSH.

2nd period


0:01 of 2nd period - Mark Olver wins face-off versus Jamie Tardif in neutral zone.
0:24 of 2nd period - Wrist shot by B.J. Crombeen.
0:24 of 2nd period - Stopped by Johan Gustafsson with a rebound.
0:26 of 2nd period - Slapshot by Steven Kampfer.
0:26 of 2nd period - Shot Blocked by Fredrik Claesson.
0:28 of 2nd period - Slapshot by Matt Hunwick.
0:28 of 2nd period - Stopped by Johan Gustafsson with a rebound.
0:30 of 2nd period - Snap shot by Matt Hunwick.
0:30 of 2nd period - Deflect By Ryan Carter.
0:30 of 2nd period - Stopped by Johan Gustafsson with a rebound.
0:58 of 2nd period - Backhand shot by Frazer McLaren.
0:58 of 2nd period - Deflect By Matt Fraser.
0:58 of 2nd period - Shot Misses the Net.
0:58 of 2nd period - Puck is out of play.
0:59 of 2nd period - Cody McCormick wins face-off versus Brody Sutter in Bulldogs zone.
1:05 of 2nd period - Off-side.
1:06 of 2nd period - Nathan Horton wins face-off versus Brody Sutter in neutral zone.
1:25 of 2nd period - Wrist shot by Nathan Horton.
1:25 of 2nd period - Stopped by Johan Gustafsson without a rebound.
1:26 of 2nd period - Mike Blunden wins face-off versus Nathan Horton in Admirals NSH zone.
1:26 of 2nd period - Mike Blunden is hit by Jean-Francois Jacques.
3:02 of 2nd period - Brandon Yip is hit by Patrick Mullen and loses puck.
3:45 of 2nd period - Reece Scarlett is hit by Mike Blunden and loses puck.
4:11 of 2nd period - Icing by Cameron Schilling.
4:12 of 2nd period - Brody Sutter wins face-off versus Nathan Horton in Admirals NSH zone.
4:41 of 2nd period - Slapshot by Nikita Nesterov.
4:41 of 2nd period - Shot Blocked by Dalton Prout.
4:43 of 2nd period - Wrist shot by Jamie Tardif.
4:43 of 2nd period - Shot Misses the Net.
5:00 of 2nd period - Dalton Prout is hit by Marcel Noebels and loses puck.
5:49 of 2nd period - Icing by Jamie Tardif.
5:50 of 2nd period - Jean-Francois Jacques wins face-off versus Adam Cracknell in Admirals NSH zone.
5:55 of 2nd period - Snap shot by Cody McCormick.
5:55 of 2nd period - Stopped by Johan Gustafsson with a rebound.
6:23 of 2nd period - Minor Penalty to Cody McCormick for Hooking.
6:24 of 2nd period - B.J. Crombeen wins face-off versus Jamie Tardif in Bulldogs zone.
6:24 of 2nd period - B.J. Crombeen is hit by Brody Sutter.
6:35 of 2nd period - Snap shot by Jamie Tardif.
6:35 of 2nd period - Shot Blocked by Dalton Prout.
6:39 of 2nd period - Snap shot by Matt Fraser.
6:39 of 2nd period - Shot Blocked by Dalton Prout.
6:41 of 2nd period - Snap shot by Brody Sutter.
6:41 of 2nd period - Shot Blocked by Dalton Prout.
7:23 of 2nd period - Mark Olver is hit by Zach Hamill and loses puck.
8:23 of 2nd period - Penalty to Cody McCormick is over, Cody McCormick is back on ice.
8:57 of 2nd period - Steven Kampfer is hit by Corey Tropp and loses puck.
9:22 of 2nd period - Snap shot by Marcel Noebels.
9:22 of 2nd period - Stopped by Eric Hartzell with a rebound.
9:46 of 2nd period - Reece Scarlett is hit by Corey Tropp and loses puck.
11:22 of 2nd period - Off-side.
11:23 of 2nd period - Patrick Dwyer wins face-off versus Wade Megan in neutral zone.
11:26 of 2nd period - Marcel Noebels is hit by Dalton Prout.
11:34 of 2nd period - Slapshot by Patrick Mullen.
11:34 of 2nd period - Shot Blocked by Dalton Prout.
11:52 of 2nd period - Matt Hunwick is hit by Adam Cracknell.
12:10 of 2nd period - Snap shot by Mike Blunden.
12:10 of 2nd period - Shot Misses the Net.
13:16 of 2nd period - Adam Cracknell is hit by Mark Olver and loses puck.
13:28 of 2nd period - Frederic St. Denis is hit by Steven Kampfer and loses puck.
13:46 of 2nd period - Minor Penalty to Frederic St. Denis for Holding.
13:47 of 2nd period - Mark Olver wins face-off versus Mike Blunden in Admirals NSH zone.
14:26 of 2nd period - Alexey Marchenko is hit by Jordan Leopold and loses puck.
14:49 of 2nd period - Off-side.
14:50 of 2nd period - Mark Olver wins face-off versus Mike Blunden in neutral zone.
15:13 of 2nd period - Fredrik Claesson is hit by Patrick Kaleta and loses puck.
15:24 of 2nd period - Slapshot by Frazer McLaren.
15:24 of 2nd period - Deflect By Adam Cracknell.
15:24 of 2nd period - Shot Blocked by Reece Scarlett.
15:24 of 2nd period - Puck is out of play.
15:25 of 2nd period - Cody McCormick wins face-off versus Adam Cracknell in Bulldogs zone.
15:30 of 2nd period - Wrist shot by Cody McCormick.
15:30 of 2nd period - Deflect By Adam Cracknell.
15:30 of 2nd period - Shot Misses the Net.
15:30 of 2nd period - Puck is out of play.
15:31 of 2nd period - Cody McCormick wins face-off versus Adam Cracknell in Admirals NSH zone.
15:34 of 2nd period - Wrist shot by Patrick Dwyer.
15:34 of 2nd period - Shot Blocked by Patrick Mullen.
15:46 of 2nd period - Penalty to Frederic St. Denis is over, Frederic St. Denis is back on ice.
15:48 of 2nd period - Patrick Mullen is hit by B.J. Crombeen and loses puck.
16:26 of 2nd period - Minor Penalty to Mike Blunden for Tripping.
16:27 of 2nd period - Cody McCormick wins face-off versus Brody Sutter in Admirals NSH zone.
16:37 of 2nd period - Icing by Jordan Leopold.
16:38 of 2nd period - Brandon Yip wins face-off versus Brody Sutter in Bulldogs zone.
17:29 of 2nd period - Wrist shot by Jamie Tardif.
17:29 of 2nd period - Shot Misses the Net.
18:19 of 2nd period - Fredrik Claesson is hit by Ryan Carter and loses puck.
18:26 of 2nd period - Penalty to Mike Blunden is over, Mike Blunden is back on ice.
18:41 of 2nd period - Icing by Patrick Dwyer.
18:42 of 2nd period - Jean-Francois Jacques wins face-off versus Mike Blunden in Bulldogs zone.
Goals for this period are 0 for Bulldogs vs 0 for Admirals NSH.
Shots for this period are 5 for Bulldogs vs 1 for Admirals NSH.

3rd period


0:01 of 3rd period - Mark Olver wins face-off versus Jamie Tardif in neutral zone.
0:10 of 3rd period - Wrist shot by Mark Olver.
0:10 of 3rd period - Stopped by Johan Gustafsson without a rebound.
0:11 of 3rd period - Jamie Tardif wins face-off versus Mark Olver in Admirals NSH zone.
0:17 of 3rd period - Snap shot by Jamie Tardif.
0:17 of 3rd period - Stopped by Eric Hartzell with a rebound.
0:19 of 3rd period - Slapshot by Fredrik Claesson.
0:19 of 3rd period - Deflect By Mike Blunden.
0:19 of 3rd period - Shot Misses the Net.
0:19 of 3rd period - Puck is out of play.
0:20 of 3rd period - Jamie Tardif wins face-off versus Mark Olver in Bulldogs zone.
0:37 of 3rd period - Snap shot by Mike Blunden.
0:37 of 3rd period - Shot Misses the Net.
0:39 of 3rd period - Slapshot by Fredrik Claesson.
0:39 of 3rd period - Deflect By Jamie Tardif.
0:39 of 3rd period - Stopped by Eric Hartzell with a rebound.
0:41 of 3rd period - Slapshot by Jyrki Jokipakka.
0:41 of 3rd period - Shot Blocked by Steven Kampfer.
0:43 of 3rd period - Snap shot by Mike Blunden.
0:43 of 3rd period - Deflect By Jamie Tardif.
0:43 of 3rd period - Stopped by Eric Hartzell with a rebound.
0:45 of 3rd period - Slapshot by Fredrik Claesson.
0:45 of 3rd period - Stopped by Eric Hartzell with a rebound.
0:47 of 3rd period - Slapshot by Jyrki Jokipakka.
0:47 of 3rd period - Shot Misses the Net.
0:51 of 3rd period - Wrist shot by Mike Blunden.
0:51 of 3rd period - Shot Misses the Net.
0:53 of 3rd period - Slapshot by Jamie Tardif.
0:53 of 3rd period - Stopped by Eric Hartzell without a rebound.
0:54 of 3rd period - Cody McCormick wins face-off versus Brody Sutter in Bulldogs zone.
0:54 of 3rd period - Frazer McLaren and Cody McCormick fight to a draw.
0:54 of 3rd period - Penalty to Frazer McLaren for Fighting.
0:54 of 3rd period - Penalty to Cody McCormick for Fighting.
0:55 of 3rd period - Patrick Dwyer wins face-off versus Jamie Tardif in Bulldogs zone.
1:52 of 3rd period - Minor Penalty to Brody Sutter for Interference.
1:53 of 3rd period - Mike Blunden wins face-off versus Mark Olver in Admirals NSH zone.
2:03 of 3rd period - Off-side.
2:04 of 3rd period - Mark Olver wins face-off versus Mike Blunden in neutral zone.
2:37 of 3rd period - Patrick Mullen is hit by B.J. Crombeen and loses puck.
2:48 of 3rd period - Slapshot by Mike Blunden.
2:48 of 3rd period - Stopped by Eric Hartzell without a rebound.
2:49 of 3rd period - Mike Blunden wins face-off versus Patrick Dwyer in Bulldogs zone.
2:58 of 3rd period - Snap shot by Jordan Leopold.
2:58 of 3rd period - Shot Misses the Net.
3:00 of 3rd period - Slapshot by Dalton Prout.
3:00 of 3rd period - Goal by Dalton Prout - Bulldogs : 1 - Admirals NSH : 0.
3:01 of 3rd period - Brody Sutter wins face-off versus Jean-Francois Jacques in neutral zone.
3:51 of 3rd period - Jyrki Jokipakka is hit by Ryan Carter and loses puck.
4:32 of 3rd period - Snap shot by Dalton Prout.
4:32 of 3rd period - Stopped by Johan Gustafsson without a rebound.
4:33 of 3rd period - Jean-Francois Jacques wins face-off versus Brody Sutter in Admirals NSH zone.
5:12 of 3rd period - Alexey Marchenko is hit by Matt Hunwick and loses puck.
5:41 of 3rd period - Snap shot by Matt Fraser.
5:41 of 3rd period - Stopped by Eric Hartzell with a rebound.
5:43 of 3rd period - Wrist shot by Adam Cracknell.
5:43 of 3rd period - Shot Misses the Net.
5:45 of 3rd period - Slapshot by Matt Fraser.
5:45 of 3rd period - Stopped by Eric Hartzell with a rebound.
6:05 of 3rd period - Jordan Leopold is hit by Adam Cracknell and loses puck.
6:30 of 3rd period - Snap shot by Mike Blunden.
6:30 of 3rd period - Stopped by Eric Hartzell without a rebound.
6:31 of 3rd period - Mike Blunden wins face-off versus Mark Olver in Bulldogs zone.
7:07 of 3rd period - Snap shot by Jordan Leopold.
7:07 of 3rd period - Stopped by Johan Gustafsson with a rebound.
7:12 of 3rd period - Off-side.
7:13 of 3rd period - Trevor Smith wins face-off versus Mike Blunden in neutral zone.
7:26 of 3rd period - Minor Penalty to Dalton Prout for Boarding.
7:27 of 3rd period - Cody McCormick wins face-off versus Mike Blunden in Bulldogs zone.
7:39 of 3rd period - Icing by Frazer McLaren.
7:40 of 3rd period - Cody McCormick wins face-off versus Mike Blunden in Admirals NSH zone.
7:48 of 3rd period - Icing by Jyrki Jokipakka.
7:49 of 3rd period - Mike Blunden wins face-off versus Cody McCormick in Admirals NSH zone.
8:04 of 3rd period - Wrist shot by Matt Fraser.
8:04 of 3rd period - Shot Blocked by Brandon Yip.
8:06 of 3rd period - Slapshot by Jamie Tardif.
8:06 of 3rd period - Stopped by Eric Hartzell with a rebound.
8:08 of 3rd period - Slapshot by Jyrki Jokipakka.
8:08 of 3rd period - Deflect By Jordan Leopold.
8:08 of 3rd period - Stopped by Eric Hartzell with a rebound.
8:22 of 3rd period - B.J. Crombeen is hit by Mike Blunden.
8:26 of 3rd period - Fredrik Claesson is hit by Cody McCormick.
9:01 of 3rd period - Snap shot by Matt Fraser.
9:01 of 3rd period - Stopped by Eric Hartzell without a rebound.
9:02 of 3rd period - Brody Sutter wins face-off versus Cody McCormick in Bulldogs zone.
9:26 of 3rd period - Penalty to Dalton Prout is over, Dalton Prout is back on ice.
11:28 of 3rd period - Zach Hamill is hit by B.J. Crombeen.
12:08 of 3rd period - Patrick Mullen is hit by B.J. Crombeen and loses puck.
12:33 of 3rd period - Patrick Dwyer is hit by Alexey Marchenko and loses puck.
12:43 of 3rd period - Slapshot by Matt Hunwick.
12:43 of 3rd period - Shot Misses the Net.
13:23 of 3rd period - Snap shot by Patrick Kaleta.
13:23 of 3rd period - Stopped by Johan Gustafsson without a rebound.
13:24 of 3rd period - Trevor Smith wins face-off versus Brody Sutter in Admirals NSH zone.
13:39 of 3rd period - Backhand shot by Cody McCormick.
13:39 of 3rd period - Stopped by Johan Gustafsson without a rebound.
13:40 of 3rd period - Brody Sutter wins face-off versus Cody McCormick in Admirals NSH zone.
13:40 of 3rd period - Brody Sutter is hit by Cody McCormick.
14:30 of 3rd period - Marcel Noebels is hit by Trevor Smith and loses puck.
14:57 of 3rd period - Snap shot by Matt Fraser.
14:57 of 3rd period - Stopped by Eric Hartzell with a rebound.
14:59 of 3rd period - Slapshot by Nikita Nesterov.
14:59 of 3rd period - Stopped by Eric Hartzell without a rebound.
15:00 of 3rd period - Mike Blunden wins face-off versus Cody McCormick in Bulldogs zone.
16:08 of 3rd period - Wrist shot by Marcel Noebels.
16:08 of 3rd period - Stopped by Eric Hartzell with a rebound.
16:29 of 3rd period - Alexey Marchenko is hit by Ryan Carter and loses puck.
17:16 of 3rd period - Steven Kampfer is hit by Frederic St. Denis and loses puck.
17:49 of 3rd period - Wrist shot by Mike Blunden.
17:49 of 3rd period - Shot Blocked by Steven Kampfer.
17:51 of 3rd period - Slapshot by Cameron Schilling.
17:51 of 3rd period - Stopped by Eric Hartzell with a rebound.
18:09 of 3rd period - Wrist shot by Patrick Dwyer.
18:09 of 3rd period - Stopped by Johan Gustafsson with a rebound.
18:11 of 3rd period - Slapshot by Patrick Dwyer.
18:11 of 3rd period - Goal by Patrick Dwyer - Bulldogs : 2 - Admirals NSH : 0.
18:12 of 3rd period - Cody McCormick wins face-off versus Jamie Tardif in neutral zone.
18:48 of 3rd period - Snap shot by Matt Hunwick.
18:48 of 3rd period - Shot Misses the Net.
18:50 of 3rd period - Slapshot by Mark Olver.
18:50 of 3rd period - Shot Misses the Net.
Goals for this period are 2 for Bulldogs vs 0 for Admirals NSH.
Shots for this period are 8 for Bulldogs vs 16 for Admirals NSH.


Output by the SimonT Hockey Simulator (STHS) for Eric Dolegowski -- Original Page W3C XHTML 1.0 Valid
Hockey Simulator - Hockey Simulation - Hockey Manager